 Dungeon Sprint DCSS version 0.22-a0-96-g7cd46d36cf (webtiles) character file.

24220 Repeat the Crack Shot (level 12, -2/183 HPs)
             Began as a Centaur Berserker on Jan 25, 2018.
             Was the Champion of Trog.
             Slain by an emperor scorpion (9 damage)
             ... in the Dungeon (Sprint IX: "|||||||||||||||||||||||||||||").
             The game lasted 00:09:36 (4283 turns).

Repeat the Crack Shot (Centaur Berserker)           Turns: 4283, Time: 00:09:37

Health: -2/183     AC: 15    Str: 25    XL:     12   Next: 78%
Magic:  12/12      EV:  9    Int:  6    God:    Trog [******]
Gold:   1406       SH:  0    Dex: 17    Spells: 11/11 levels left

rFire    + + .     SeeInvis .   E - +11 glaive of Tortfeasance {chop, rPois rC- Dex+3}
rCold    . . .     Gourm    .   (shield currently unavailable)
rNeg     . . .     Faith    .   C - +2 chain mail {rF+}
rPois    +         Spirit   .   (no helmet)
rElec    .         Reflect  .   B - +0 cloak
rCorr    .         Harm     .   n - +0 pair of gloves
MR       .....     NoTele   +   (no barding)
Stlth    ..........             (no amulet)
HPRegen  0.40/turn              H - ring of protection from cold
MPRegen  0.13/turn              G - ring of protection from fire

@: berserking, lethally poisoned (-2 -> -31), very quick
A: large, hooves 3, deformed body, speed 2, tough skin 3
a: Berserk, Trog's Hand, Brothers in Arms, Burn Spellbooks, Renounce Religion


You were in the Dungeon.
You worshipped Trog.
Trog was exalted by your worship.
You were very hungry.

You visited 1 branch You collected 1906 gold pieces.
You spent 500 gold pieces at shops.

Inventory:

Hand Weapons
 D - a +3 longbow of velocity
 E - the +11 glaive of Tortfeasance (weapon) {chop, rPois rC- Dex+3}
   (Trog gifted it to you in the Dungeon)

   It inflicts extra damage upon your enemies.
   It affects your dexterity (+3).
   It makes you vulnerable to cold.
   It protects you from poison.
 I - a +2 halberd of freezing
 J - a +4 longbow of freezing
Missiles
 F - 70 arrows
Armour
 n - a +0 pair of gloves (worn)
 o - a +0 plate armour
 r - a +1 large shield
 B - a +0 cloak (worn)
 C - a +2 chain mail of fire resistance (worn)
Magical Staves
 t - an uncursed staff of earth
Jewellery
 a - an uncursed ring of protection from magic
 b - an uncursed ring of protection from magic
 m - an uncursed ring of fire
 p - a +2 ring of evasion
 q - a +2 ring of protection
 G - a ring of protection from fire (right hand)
 H - a ring of protection from cold (left hand)
Wands
 l - a wand of acid (9)
Scrolls
 i - 2 scrolls of blinking
 k - 3 scrolls of remove curse
 u - 4 scrolls of enchant weapon
 v - 3 scrolls of identify
 w - 2 scrolls of enchant armour
 x - 2 scrolls of fear
 y - 2 scrolls of fog
 z - a scroll of summoning
Potions
 d - 6 potions of curing
 e - 13 potions of heal wounds
 f - 2 potions of haste
 g - 4 potions of magic
 h - a potion of berserk rage
 j - a potion of invisibility
 s - a potion of might
 A - a potion of agility
Comestibles
 c - 11 rations


   Skills:
 + Level 16.1 Fighting
 + Level 16.9 Polearms
 * Level 21.7 Bows
 + Level 9.3 Armour
 + Level 5.5 Dodging


You had 11 spell levels left.
You didn't know any spells.

Dungeon Overview and Level Annotations

Branches:
Dungeon (1/1)

Altars:
Cheibriados
Dithmenos
Elyvilon
Fedhas
Gozag
Hepliaklqana
Kikubaaqudgha
Makhleb
Nemelex Xobeh
Okawaru
Qazlal
Ru
Sif Muna
Trog
Uskayaw
Vehumet
Wu Jian
Xom
Yredelemnul
Zin
The Shining One
Beogh
Jiyva
Lugonu

Shops:
D [**=


Innate Abilities, Weirdness & Mutations

You have hooves in place of feet.
Armour fits poorly on your strangely shaped body.
You cover ground very quickly.
You have extremely tough skin. (AC +3)


Message History

You kill the jumping spider!
Trog accepts your kill.
* * * LOW HITPOINT WARNING * * *
You feel sick. The emperor scorpion stings you!
* * * LOW HITPOINT WARNING * * *
The emperor scorpion claws you.
* * * LOW HITPOINT WARNING * * *
The emperor scorpion claws you but does no damage.
You slash the emperor scorpion! Your kick misses the emperor scorpion.
The emperor scorpion is lightly wounded.
* * * LOW HITPOINT WARNING * * *
You feel sick.
You slice the emperor scorpion!! Your kick misses the emperor scorpion.
The emperor scorpion is moderately wounded.
* * * LOW HITPOINT WARNING * * *
You feel sick. The emperor scorpion stings you.
* * * LOW HITPOINT WARNING * * *
The emperor scorpion claws you but does no damage.
The emperor scorpion claws you!
You die...

▓▓▓▓▓▓▓▓▓▓▓▓▓▓▓▓♣♣♣♣♣♣♣♣♣♣▓▓▓
▓.....[.....@ssss((.(...s.'..
▓.▓▓▓▓▓▓▓▓▓▓▓▓▓▓♣♣♣♣♣♣♣♣♣♣▓▓▓
▓........÷...................
▓▓▓▓▓▓▓▓▓▓▓▓▓▓▓▓▓▓▓▓▓▓▓▓▓▓▓▓▓
▓.........'=.)..)))))))).[[[)
▓.▓▓▓▓▓▓▓▓▓▓▓▓▓▓▓▓▓▓▓▓▓▓▓▓▓▓▓
▓................†...(.......
▓▓▓▓▓▓▓▓▓▓▓▓▓▓▓▓▓▓▓▓▓▓▓▓▓▓▓▓▓
▓))...)))...)))()())).)..)..'


You could see an emperor scorpion, an orb spider, a tarantella and a redback.

Vanquished Creatures
  A tentacled monstrosity (D)
  A stone giant (D)
  A very ugly thing (D)
  An ettin (D)
  A rakshasa (D)
  A hydra (D)
  An ice dragon (D)
  3 two-headed ogres (D)
  A swamp dragon (D)
  A glowing orange brain (D)
  7 orc knights (D)
  An orb spider (D)
  Joseph (D)
  7 elephants (D)
  A black mamba (D)
  7 spiny frogs (D)
  A torpor snail (D)
  A demonic crawler (D)
  A troll (D)
  A jumping spider (D)
  2 bog bodies (D)
  A hippogriff (D)
  Eustachio (D)
  A hog (shapeshifter) (D)
  A vampire mosquito (D)
  A soldier ant (D)
  2 water moccasins (D)
  A porcupine (D)
  3 swamp drakes (D)
  17 orc warriors (D)
  A phantom (D)
  An ogre (D)
  3 centaurs (D)
  2 crocodiles (D)
  4 bullfrogs (D)
  A gnoll sergeant (D)
  A killer bee (D)
  2 crimson imps (D)
  A hound (D)
  3 orc priests (D)
  4 orc wizards (D)
  A worker ant (D)
  An adder zombie (D)
  9 orcs (D)
  2 bats (D)
  2 giant cockroaches (D)
  A goblin (D)
  A hobgoblin (D)
  A quokka (D)
  A leopard gecko skeleton (D)
  2 leopard gecko zombies (D)
114 creatures vanquished.

Vanquished Creatures (collateral kills)
  A dire elephant (D)
1 creature vanquished.

Grand Total: 115 creatures vanquished

Notes
Turn   | Place    | Note
-------+----------+-------------------------------------------
     0 | D        | Repeat the Centaur Berserker began the quest for the Orb.
     0 | D        | Reached XP level 1. HP: 19/19 MP: 1/1
    17 | D        | Reached ** piety under Trog
    91 | D        | Noticed a crimson imp
    95 | D        | Reached *** piety under Trog
    95 | D        | Reached XP level 2. HP: 26/26 MP: 2/2
   100 | D        | Reached skill level 5 in Polearms
   103 | D        | Killed a crimson imp
   103 | D        | Reached XP level 3. HP: 31/31 MP: 3/3
   116 | D        | Found a roughly hewn altar of Beogh.
   116 | D        | Found a snail-covered altar of Cheibriados.
   116 | D        | Found a shadowy altar of Dithmenos.
   116 | D        | Found a white marble altar of Elyvilon.
   116 | D        | Found a blossoming altar of Fedhas.
   116 | D        | Found an opulent altar of Gozag.
   117 | D        | Found a hazy altar of Hepliaklqana.
   118 | D        | Found a viscous altar of Jiyva.
   119 | D        | Found an ancient bone altar of Kikubaaqudgha.
   120 | D        | Found a corrupted altar of Lugonu.
   121 | D        | Found a burning altar of Makhleb.
   122 | D        | Found a sparkling altar of Nemelex Xobeh.
   123 | D        | Found an iron altar of Okawaru.
   124 | D        | Found a stormy altar of Qazlal.
   125 | D        | Found a sacrificial altar of Ru.
   126 | D        | Found a deep blue altar of Sif Muna.
   127 | D        | Found a bloodstained altar of Trog.
   128 | D        | Found a hide-covered altar of Uskayaw.
   129 | D        | Found a radiant altar of Vehumet.
   130 | D        | Found an ornate altar of the Wu Jian Council.
   131 | D        | Found a shimmering altar of Xom.
   132 | D        | Found a basalt altar of Yredelemnul.
   133 | D        | Found a glowing silver altar of Zin.
   134 | D        | Found a glowing golden altar of the Shining One.
   181 | D        | Noticed a phantom
   181 | D        | Noticed a two-headed ogre
   181 | D        | Noticed a gnoll sergeant
   181 | D        | Noticed a centaur
   182 | D        | Reached **** piety under Trog
   190 | D        | Killed a two-headed ogre
   190 | D        | Reached skill level 10 in Polearms
   190 | D        | Reached XP level 4. HP: 50/50 MP: 4/4
   190 | D        | Reached XP level 5. HP: 57/57 MP: 5/5
   190 | D        | Reached XP level 6. HP: 63/63 MP: 6/6
   190 | D        | Reached XP level 7. HP: 70/70 MP: 7/7
   204 | D        | Reached ***** piety under Trog
   206 | D        | Reached skill level 10 in Fighting
   254 | D        | Reached XP level 8. HP: 79/79 MP: 8/8
   519 | D        | Noticed a spiny frog
   519 | D        | Noticed a spiny frog
   519 | D        | Noticed a black mamba
   530 | D        | Killed a spiny frog
   530 | D        | Reached skill level 5 in Armour
   531 | D        | Received a gift from Trog
   533 | D        | Noticed a torpor snail
   535 | D        | Noticed a spiny frog
   536 | D        | Killed a spiny frog
   538 | D        | Killed a black mamba
   538 | D        | Reached XP level 9. HP: 90/90 MP: 9/9
   548 | D        | Killed a torpor snail
   548 | D        | Reached skill level 5 in Dodging
   553 | D        | Killed a spiny frog
   553 | D        | Reached ****** piety under Trog
   690 | D        | Noticed a spiny frog
   690 | D        | Noticed a spiny frog
   693 | D        | Killed a spiny frog
   693 | D        | Received a gift from Trog
   693 | D        | Reached skill level 2 in Bows
   694 | D        | Noticed a spiny frog
   702 | D        | Killed a spiny frog
   702 | D        | Reached skill level 3 in Bows
   711 | D        | Reached skill level 4 in Bows
   714 | D        | Killed a spiny frog
   714 | D        | Reached XP level 10. HP: 101/101 MP: 10/10
   716 | D        | Reached skill level 5 in Bows
   829 | D        | Noticed an elephant
   829 | D        | Noticed an elephant
   829 | D        | Noticed an elephant
   829 | D        | Noticed an elephant
   829 | D        | Noticed an elephant
   829 | D        | Noticed an elephant
   832 | D        | Killed an elephant
   836 | D        | Noticed an elephant
   838 | D        | Killed an elephant
   838 | D        | Received a gift from Trog
   838 | D        | Reached skill level 15 in Polearms
   838 | D        | Reached skill level 6 in Bows
   840 | D        | Noticed a dire elephant
   841 | D        | Killed an elephant
   843 | D        | Killed an elephant
   843 | D        | Reached skill level 7 in Bows
   846 | D        | Killed an elephant
   852 | D        | Killed an elephant
   856 | D        | Killed an elephant
   856 | D        | Reached skill level 8 in Bows
   867 | D        | Killed a dire elephant
  1141 | D        | Noticed Eustachio
  1149 | D        | Killed Eustachio
  1149 | D        | Received a gift from Trog
  1149 | D        | Reached skill level 9 in Bows
  1238 | D        | Received a gift from Trog
  1243 | D        | Reached XP level 11. HP: 106/110 MP: 11/11
  1254 | D        | Received a gift from Trog
  1335 | D        | Received a gift from Trog
  1512 | D        | Reached skill level 10 in Bows
  1673 | D        | Found Ikub's Antique Armour Emporium.
  1673 | D        | Noticed an orc knight
  1673 | D        | Noticed an orc knight
  1673 | D        | Noticed an orc knight
  1704 | D        | Killed an orc knight
  1704 | D        | Received a gift from Trog
  1708 | D        | Got a fine glaive {god gift}
  1762 | D        | Killed an orc knight
  1762 | D        | Reached skill level 11 in Bows
  1776 | D        | Identified the +11 glaive of Tortfeasance {chop, rPois rC- Dex+3} (Trog gifted it to you in the Dungeon)
  1780 | D        | Killed an orc knight
  1780 | D        | Reached skill level 12 in Bows
  1878 | D        | Found Ibbygas's General Store.
  1881 | D        | Found Xurr's General Store.
  1882 | D        | Noticed an orc knight
  1886 | D        | Found Mirghoq's Jewellery Shoppe.
  1889 | D        | Killed an orc knight
  1889 | D        | Reached skill level 13 in Bows
  1891 | D        | Noticed an orc knight
  1892 | D        | Noticed an orc knight
  1895 | D        | Noticed an orc knight
  1904 | D        | Killed an orc knight
  1904 | D        | Received a gift from Trog
  1986 | D        | Killed an orc knight
  2169 | D        | Killed an orc knight
  2169 | D        | Reached skill level 14 in Bows
  2285 | D        | Bought an uncursed ring of protection from fire for 250 gold pieces
  2285 | D        | Bought an uncursed ring of protection from cold for 250 gold pieces
  2330 | D        | Noticed Joseph
  2340 | D        | Killed Joseph
  2711 | D        | Noticed a two-headed ogre
  2711 | D        | Noticed a seven-headed hydra
  2711 | D        | Noticed a two-headed ogre
  2732 | D        | Killed a two-headed ogre
  2732 | D        | Reached skill level 15 in Bows
  2752 | D        | Killed a seven-headed hydra
  2752 | D        | Received a gift from Trog
  2757 | D        | Reached skill level 15 in Fighting
  2760 | D        | Killed a two-headed ogre
  2760 | D        | Received a gift from Trog
  2760 | D        | Reached skill level 16 in Bows
  2797 | D        | Received a gift from Trog
  2804 | D        | Noticed a glowing orange brain
  2808 | D        | Killed a glowing orange brain
  2808 | D        | Reached skill level 17 in Bows
  2815 | D        | Reached XP level 12. HP: 92/119 MP: 12/12
  2816 | D        | Noticed a cyan very ugly thing
  2824 | D        | Killed a cyan very ugly thing
  2829 | D        | Noticed an ettin
  2834 | D        | Killed an ettin
  2834 | D        | Reached skill level 18 in Bows
  2849 | D        | Noticed a rakshasa
  2855 | D        | Killed a rakshasa
  2855 | D        | Received a gift from Trog
  3019 | D        | Noticed a stone giant
  3312 | D        | Killed a stone giant
  3312 | D        | Reached skill level 19 in Bows
  3350 | D        | Noticed an ice dragon
  3365 | D        | Killed an ice dragon
  3694 | D        | Noticed a tentacled monstrosity
  3715 | D        | Killed a tentacled monstrosity
  3715 | D        | Reached skill level 20 in Bows
  3719 | D        | Received a gift from Trog
  3725 | D        | Reached skill level 21 in Bows
  3726 | D        | Received a gift from Trog
  4247 | D        | Noticed an emperor scorpion
  4270 | D        | Received a gift from Trog
  4283 | D        | HP: 9/183 [poisoned by an emperor scorpion]
  4283 | D        | Slain by an emperor scorpion

Vault maps used:
D:        linesprint

Skill      XL: |  1  2  3  4  5  6  7  8  9 10 11 12 |
---------------+-------------------------------------+-----
Polearms       | 4 6 10 11 13 14 16 | 16.9
Fighting       | 9 10 11 13 14 15 16 | 16.1
Armour         | 4 5 6 7 8 9 |  9.3
Dodging        | 3 4 5 |  5.5
Bows           | 4 9 17 21 | 21.7

Action                   |  1- 3 |  4- 6 |  7- 9 | 10-12 || total
-------------------------+-------+-------+-------+-------++-------
Melee: Spear             |    29 |       |       |       ||    29
       Kick              |     6 |       |    30 |    23 ||    59
       Halberd           |     7 |       |    89 |    39 ||   135
       Glaive            |       |       |       |    57 ||    57
 Fire: Longbow           |       |       |       |   218 ||   218
Invok: Berserk           |     2 |       |     3 |     4 ||     9
       Brothers in Arms  |       |       |       |     2 ||     2
       Trog's Hand       |       |       |       |     3 ||     3
Evoke: Wand              |     1 |       |       |       ||     1
  Eat: Chunk             |       |       |     3 |    11 ||    14
       Ration            |       |       |       |     1 ||     1
Armor: Animal skin       |     5 |       |       |       ||     5
       Plate armour      |     1 |       |    29 |    27 ||    57
       Chain mail        |       |       |       |    27 ||    27
Dodge: Dodged            |    15 |       |    18 |    39 ||    72

Table legend:
 A = Spawn XP
 B = Non-spawn XP
 C = Spawn XP percentage of total XP
 D = Spawn monster count
 E = Non-spawn monster count
 F = Spawn count percentage of total count
 G = Total turns spent on level
                    A         B        C        D         E        F      G
               +---------+---------+-------+---------+---------+-------+---------
         Total |       0 |   34601 |   0.0 |       0 |     115 |   0.0 |  4283
               +---------+---------+-------+---------+---------+-------+---------
             D |       0 |   34601 |   0.0 |       0 |     115 |   0.0 |  4283
               +---------+---------+-------+---------+---------+-------+---------
